 Dungeon Crawl Stone Soup version 0.18-a0-1745-gffa9a88 (webtiles) character file.

74 dobroeutro the Shield-Bearer (level 4, 0/29 HPs)
             Began as a Gargoyle Fighter on Apr 11, 2016.
             Slain by Sigmund
             ... wielding a +0 scythe
              (1 damage)
             ... on level 3 of the Dungeon.
             The game lasted 00:03:04 (984 turns).

dobroeutro the Shield-Bearer (Gargoyle Fighter)      Turns: 984, Time: 00:03:05

Health: 0/29       AC: 11    Str: 21    XL:     4   Next: 28%
Magic:  4/4        EV:  7    Int: 18    God:
Gold:   136        SH:  0    Dex:  9    Spells: 0 memorised, 3 levels left

rFire  . . .     SeeInvis .     p - +4 spear
rCold  . . .     Gourm    +     b - +0 scale mail
rNeg   + . .     Faith    .     c - +0 shield
rPois  ∞         Spirit   .     (no helmet)
rElec  +         Dismiss  .     o - +0 cloak
rCorr  .         Reflect  .     (no gloves)
SustAt .         Harm     .     (no boots)
MR     .....                    m - amulet of the gourmand
Stlth  ..........               (no ring)
                                r - +5 ring of intelligence

@: confused, brilliant, not resistant to hostile enchantments, extremely
unstealthy
A: negative energy resistance 1, electricity resistance, unbreathing,
petrification resistance, rot immunity, AC +3
a: no special abilities


You were on level 3 of the Dungeon.
You were hungry.

You visited 1 branch of the dungeon, and saw 3 of its levels.

You collected 136 gold pieces.

Inventory:

Hand Weapons
 a - a +0 flail
 p - a +4 spear (weapon)
Armour
 b - a +0 scale mail (worn)
 c - a +0 shield (worn)
 o - a +0 cloak (worn)
Jewellery
 m - an amulet of the gourmand (around neck)
 r - a +5 ring of intelligence (left hand)
Scrolls
 e - 3 scrolls of remove curse {unknown}
 h - a scroll of teleportation {unknown}
 i - a scroll of enchant weapon {unknown}
 j - 2 scrolls of recharging {unknown}
 k - a scroll of identify {unknown}
 l - a scroll of noise {unknown}
 v - a scroll of amnesia {unknown}
Potions
 d - 2 potions of might
Comestibles
 f - 4 bread rations
 g - a meat ration
 s - a slice of pizza


   Skills:
 + Level 4.0 Fighting
 + Level 2.6 Maces & Flails
 + Level 3.8 Armour
 + Level 4.1 Shields


You had 3 spell levels left.
You didn't know any spells.

Dungeon Overview and Level Annotations

Branches:
Dungeon (3/15)

Altars:

Annotations:
D:3 Sigmund


Innate Abilities, Weirdness & Mutations

You are resistant to torment.
Your stone body is resilient (AC +3).
You are immune to poison.
You resist negative energy.
You are resistant to electric shocks.
You can survive without breathing.
You are immune to petrification.
You are immune to rotting.


Message History

Sigmund screams, "You will never...
NEVER!!!"
Sigmund points at you and mumbles some strange words.
You are more confused.
Sigmund hits you but does no damage.
You bump into the rock wall.
You're too confused to move!
Sigmund closely misses you.
Your shield prevents you from hitting Sigmund.
Sigmund is severely wounded.
Sigmund casts a spell at you. You resist with some effort.
Sigmund casts a spell at you. You resist with some effort.
You bump into the rock wall.
Sigmund gestures wildly while chanting.
Sigmund flickers and vanishes!
Deactivating autopickup; reactivate with Ctrl-A.
You bump into the rock wall.
Something hits you.
* * * LOW HITPOINT WARNING * * *
Something hits you.
You die...

>.# .. ##.. #..
#.. #... #.# #..
#{# #.. #.# #.. #
#@# #.# .# #.# #.#
###.. #.# #.# #...
#.# #.###.#
#.########.....##
#...............##
##############..<.
#####


There were no monsters in sight!

Vanquished Creatures
  3 adders (D:2)
  A worm (D:3)
  2 dart slugs (D:1)
  4 giant geckos
  6 bats
  2 giant cockroaches (D:2)
  3 goblins (D:1)
  3 hobgoblins
  2 jackals (D:1)
  A ball python (D:2)
  4 kobolds (D:1)
  4 rats
35 creatures vanquished.

Notes
Turn   | Place    | Note
--------------------------------------------------------------
     0 | D:1      | dobroeutro the Gargoyle Fighter began the quest for the Orb.
     0 | D:1      | Reached XP level 1. HP: 14/14 MP: 1/1
    43 | D:1      | Reached XP level 2. HP: 17/19 MP: 2/2
   111 | D:1      | Reached XP level 3. HP: 19/24 MP: 3/3
   599 | D:2      | Reached XP level 4. HP: 28/29 MP: 4/4
   937 | D:3      | Noticed Sigmund
   982 | D:3      | HP: 1/29 [something (2)]
   984 | D:3      | Slain by Sigmund

Vault maps used:
D:1:      tarquinn_simple_flora_water_c
D:2:      first_bread, kennysheep_big_empty_room, minmay_misc_feat_roman,
          minmay_quantized
D:3:      uniq_grinder, uniq_iyjb, uniq_sigmund, uniq_terence

Skill      XL: |  1  2  3  4 |
---------------+-------------+-----
Fighting       | 4 |  4.0
Shields        | 4 |  4.1
Maces & Flails | |  2.6
Armour         | |  3.8

Action                   |  1- 3 |  4- 6 || total
-------------------------+-------+-------++-------
Melee: Flail             |    78 |       ||    78
       Spear             |    14 |    39 ||    53
       Dagger            |     3 |       ||     3
  Use: Potion            |       |     4 ||     4
